 Dungeon Crawl Stone Soup version 0.20-a0-1018-ge435b50 (webtiles) character file.

504 Fhqwhgads the Ruffian (level 6, -2/61 HPs)
             Began as a Troll Monk on Apr 17, 2017.
             Slain by a human zombie (8 damage)
             ... in an ossuary.
             The game lasted 00:05:31 (2688 turns).

Fhqwhgads the Ruffian (Troll Monk)                  Turns: 2688, Time: 00:05:32

Health: -2/61      AC:  5    Str: 20    XL:     6   Next: 96%
Magic:  5/5        EV:  9    Int:  8    God:
Gold:   293        SH:  0    Dex: 12    Spells: 5/5 levels left

rFire    . . .     SeeInvis +     - Unarmed
rCold    . . .     Gourm    +   (no shield)
rNeg     . . .     Faith    .   a - +0 robe
rPois    .         Spirit   .   (helmet restricted)
rElec    .         Reflect  .   (no cloak)
rCorr    .         Harm     .   (gloves unavailable)
MR       .....                  (boots unavailable)
Stlth    ++........             (no amulet)
Regen    0.6/turn               k - ring of see invisible
MPRegen  0.1/turn               i - -2 ring of evasion (curse)

@: hasted, very quick
A: unfitting armour, claws 3, fast metabolism 3, gourmand, regeneration 1,
shaggy fur 1, tough skin 2
a: no special abilities


You were in an ossuary.
You were very full.

You visited 1 branch of the dungeon, and saw 4 of its levels.
You also visited: Ossuary.

You collected 293 gold pieces.

Inventory:

Missiles
 c - 3 large rocks (quivered)
Armour
 a - a +0 robe (worn)
Jewellery
 d - an uncursed ring of ice
 i - a cursed -2 ring of evasion (right claw)
 k - a ring of see invisible (left claw)
 v - an uncursed ring of ice
Scrolls
 j - a scroll of fear {unknown}
 l - a scroll of recharging {unknown}
 m - 3 scrolls of identify {unknown}
 o - a scroll of remove curse {unknown}
 p - 2 scrolls of teleportation {unknown}
 r - 2 scrolls of amnesia {unknown}
 w - a scroll of enchant weapon {unknown}
Potions
 e - a potion of haste
 f - 2 potions of degeneration {unknown}
 g - 2 potions of lignification {unknown}
 q - 3 potions of flight {unknown}
 s - a potion of brilliance {unknown}
 t - a potion of magic {unknown}
 u - a potion of might {unknown}
 x - a potion of curing {unknown}
Comestibles
 b - 8 bread rations
 h - 3 fruits
 n - a meat ration
 A - a royal jelly


   Skills:
 - Level 3.2 Fighting
 + Level 3.9 Throwing
 - Level 3.2 Dodging
 - Level 2.1 Stealth
 + Level 5.5 Unarmed Combat


You had 5 spell levels left.
You didn't know any spells.

Dungeon Overview and Level Annotations

Branches:
Dungeon (4/15)
 Temple: D:4-7

Altars:
Vehumet


Innate Abilities, Weirdness & Mutations

You are too large for most types of armour.
You have claws for hands.
Your metabolism is lightning-fast.
You like to eat raw meat.
Your natural rate of healing is unusually fast.
You are covered in fur. (AC +1)
You have very tough skin. (AC +2)


Message History

Unknown command.
It was a potion of haste.
You feel yourself speed up. The human zombie hits you.
* * * LOW HITPOINT WARNING * * *
The big kobold zombie hits you but does no damage.
You mangle the big kobold zombie!!
You destroy the big kobold zombie!
The human zombie closely misses you.
You barely miss the human zombie.
The human zombie is heavily damaged.
You scratch the human zombie.
The human zombie is heavily damaged.
You scratch the human zombie.
The human zombie is heavily damaged.
The human zombie closely misses you.
You claw the human zombie!
The human zombie is severely damaged.
The big kobold zombie hits you but does no damage.
The human zombie hits you!
You die...

##.....##
#...∩...#
#.......#
#...∩...#
##.....##
##...## #...#
#####...####
#@Z.........#
##Z........##
#.Z.........#
##.........##
...........#
##.........##
...........
##.........#


You could see a hobgoblin zombie, a big kobold zombie and a human zombie.

Vanquished Creatures
  Duvessa (D:4)
  Blork the orc (D:4)
  Dowan (D:4)
  A centaur zombie (Ossuary)
  3 worker ants (D:4)
  A big kobold zombie (Ossuary)
  2 hound skeletons (D:4)
  A howler monkey skeleton (D:4)
  3 adders
  An ooze (D:3)
  2 adder skeletons (D:4)
  3 worms
  2 dart slugs (D:1)
  4 leopard geckos
  5 orcs (D:3)
  A ball python (D:3)
  3 giant cockroaches
  2 gnoll zombies (Ossuary)
  6 goblins
  11 hobgoblins
  4 jackals (D:2)
  A quokka (D:2)
  4 bats
  5 frilled lizards
  A hobgoblin zombie (Ossuary)
  3 kobolds
  4 rats
76 creatures vanquished.

Notes
Turn   | Place    | Note
-------+----------+-------------------------------------------
     0 | D:1      | Fhqwhgads the Troll Monk began the quest for the Orb.
     0 | D:1      | Reached XP level 1. HP: 23/23 MP: 0/0
     0 | D:1      | Noticed a vine stalker
     2 | D:1      | Noticed a naga
     7 | D:1      | Noticed a formicid
     8 | D:1      | Noticed a vine stalker
    16 | D:1      | Noticed a spriggan
    18 | D:1      | Noticed a merfolk zombie
    54 | D:1      | Reached skill level 1 in Unarmed Combat
   282 | D:1      | Reached XP level 2. HP: 31/31 MP: 1/1
   546 | D:1      | Reached skill level 2 in Unarmed Combat
   849 | D:2      | Found a faded altar of an unknown god.
   910 | D:2      | Reached XP level 3. HP: 31/37 MP: 2/2
   998 | D:2      | Reached skill level 3 in Unarmed Combat
  1535 | D:3      | Reached XP level 4. HP: 29/45 MP: 3/3
  1749 | D:3      | Reached skill level 1 in Throwing
  2359 | D:4      | Noticed Duvessa
  2361 | D:4      | Noticed Dowan
  2388 | D:4      | Killed Duvessa
  2388 | D:4      | Reached skill level 4 in Unarmed Combat
  2388 | D:4      | Reached XP level 5. HP: 16/53 MP: 4/4
  2390 | D:4      | Killed Dowan
  2390 | D:4      | Reached XP level 6. HP: 13/61 MP: 5/5
  2443 | D:4      | Noticed Blork the orc
  2451 | D:4      | Killed Blork the orc
  2451 | D:4      | Reached skill level 5 in Unarmed Combat
  2590 | D:4      | Found a radiant altar of Vehumet.
  2617 | D:4      | Found a sand-covered staircase.
  2647 | Ossuary  | Entered an ossuary
  2688 | Ossuary  | Slain by a human zombie

Vault maps used:
D:1:      shiori_arrival_whats_in_store_for_you, serial_glass, glass_columns_a,
          glass_columns_a, glass_columns_a, glass_columns_c, glass_columns_a,
          glass_columns_a, glass_columns_b, glass_columns_a,
          minmay_misc_feat_cross, minmay_misc_feat_nine_boxes
D:2:      chequers_ecumenical_altar_island
D:3:      cheibrodos_greedy_goblins, first_bread
D:4:      vehumet_crystals, enter_ossuary_5, uniq_blork_the_orc, uniq_duvessa
Ossuary:  minmay_ossuary_gauntlet

Skill      XL: |  1  2  3  4  5  6 |
---------------+-------------------+-----
Unarmed Combat | 1 2 3 4 5 |  5.5
Throwing       | 2 3 |  3.9
Fighting       | |  3.2
Dodging        | |  3.2
Stealth        | |  2.1

Action                   |  1- 3 |  4- 6 || total
-------------------------+-------+-------++-------
Melee: Unarmed           |    77 |   154 ||   231
       Punch             |     1 |     7 ||     8
Throw: Large rock        |       |     3 ||     3
  Use: Potion            |       |     1 ||     1
 Stab: Sleeping          |     3 |     1 ||     4
  Eat: Chunk             |    10 |    19 ||    29
Armor: Robe              |    24 |    54 ||    78
Dodge: Dodged            |    37 |    71 ||   108
